 Dungeon Crawl Stone Soup version 0.30-a0-956-gcec3b41aec (webtiles) character file.

Game seed: 873981439649021185

854 Demosthentine the Poker (level 7, -8/55 HPs)
             Began as a Demonspawn Gladiator on Mar 30, 2023.
             Mangled by a gnoll sergeant
             ... wielding a +5 heavy spear
              (16 damage)
             ... on level 6 of the Dungeon.
             The game lasted 00:04:29 (5087 turns).

Demosthentine the Poker (Demonspawn Gladiator)      Turns: 5087, Time: 00:04:30

Health: -8/55      AC:  8    Str: 16    XL:     7   Next: 70%
Magic:  7/7        EV: 18    Int:  9    God:
Gold:   330        SH:  0    Dex: 15    Spells: 6/6 levels left

rFire   . . .      SeeInvis .    a - +1 trident
rCold   . . .      Faith    .    (no shield)
rNeg    . . .      Spirit   .    b - +0 leather armour
rPois   .          Reflect  .    c - +1 helmet
rElec   .          Rampage  .    (no cloak)
rCorr   .                        f - +0 pair of gloves
Will    .....                    n - +0 pair of boots
Stlth   +                        (no amulet)
HPRegen 0.29/turn                (no ring)
MPRegen 0.10/turn                (no ring)

@: agile
A: claws 1, demonic guardian 2, powered by pain 1
a: no special abilities


You were on level 6 of the Dungeon.
You visited 2 branches of the dungeon, and saw 7 of its levels.

You collected 330 gold pieces.

Inventory:

Hand Weapons
 a - a +1 trident (weapon)
Missiles
 e - a javelin (quivered)
Armour
 b - a +0 leather armour (worn)
 c - a +1 helmet (worn)
 f - a +0 pair of gloves (worn)
 n - a +0 pair of boots (worn)
Wands
 s - a wand of flame (14)
Scrolls
 i - a scroll of fog {unknown}
 l - 2 scrolls of vulnerability
 m - 2 scrolls of enchant armour
 q - 2 scrolls of teleportation
 v - a scroll of blinking
 w - a scroll of identify
 x - a scroll of noise {unknown}
 y - a scroll of enchant weapon
Potions
 g - a potion of magic
 h - 3 potions of attraction {unknown}
 k - a potion of lignification
 o - 3 potions of degeneration {unknown}
 p - a potion of haste
 r - a potion of cancellation
 t - a potion of mutation
 u - a potion of resistance {unknown}


   Skills:
 + Level 4.7 Fighting
 + Level 4.7 Polearms
 - Level 1.7 Throwing
 + Level 3.7 Armour
 + Level 4.7 Dodging


You had 6 spell levels left.
You didn't know any spells.
Your spell library contained the following spells:

 Spells                   Type           Power      Damage    Failure   Level
 Ensorcelled Hibernation  Hex/Ice        0%         N/A       58%         2
 Static Discharge         Conj/Air       0%         2-2/arc   58%         2
 Dazzling Flash           Conj/Hex       0%         N/A       82%         3
 Spider Form              Tmut/Pois      0%         N/A       82%         3
 Vhi's Electric Charge    Tloc/Air       0%         N/A       82%         3
 Anguish                  Hex/Necr       0%         N/A       99%         4
 Agony                    Necr           0%         N/A       100%        5
 Arcjolt                  Conj/Air       0%         1d10      100%        5
 Plasma Beam              Fire/Air       0%         2x1d7     100%        5
 Silence                  Hex/Air        0%         N/A       100%        5


Dungeon Overview and Level Annotations

Branches:
Dungeon (6/15)             Temple (1/1) D:5

Altars:
Ashenzari
Dithmenos
Kikubaaqudgha
Makhleb
Nemelex Xobeh
Okawaru
Qazlal
Sif Muna
Trog
Uskayaw
Vehumet
Wu Jian
Xom

Shops:
D:1 [


Innate Abilities, Weirdness & Mutations

You have sharp fingernails.
A demonic guardian rushes to your aid.
You sometimes gain a little power by taking damage.


Message History

Your rust devil closely misses the gnoll.
Reach: a) +1 trident
Press: ? - help, Dir - move target, f/p - gnoll sergeant
Aim: a gnoll sergeant, wielding a +5 heavy spear, wearing a +0 ring mail and wearing a +0 kite shield (heavily wounded, ally target, about 27% to evade your +1 trident)
You reach to attack!
You hit the gnoll sergeant but do no damage.
The gnoll sergeant is heavily wounded.
Your rust devil hits the gnoll.
Your rust devil corrodes the gnoll!
Reach: a) +1 trident
Press: ? - help, Dir - move target, f/p - gnoll sergeant
Aim: a gnoll sergeant, wielding a +5 heavy spear, wearing a +0 ring mail and wearing a +0 kite shield (heavily wounded, ally target, about 27% to evade your +1 trident)
You reach to attack!
You hit the gnoll sergeant.
The gnoll sergeant is severely wounded.
The gnoll sergeant hits you from afar with a +5 heavy spear!
* * * LOW HITPOINT WARNING * * *
Your rust devil hits the gnoll.
The gnoll seems to be corroded for longer.
Reach: a) +1 trident
Press: ? - help, Dir - move target, f/p - gnoll sergeant
Aim: a gnoll sergeant, wielding a +5 heavy spear, wearing a +0 ring mail and wearing a +0 kite shield (severely wounded, ally target, about 27% to evade your +1 trident)
You reach to attack!
You hit the gnoll sergeant.
The gnoll sergeant is almost dead.
Your rust devil closely misses the gnoll.
The gnoll sergeant hits you from afar with a +5 heavy spear!
* * * LOW HITPOINT WARNING * * *
A demonic guardian appears!
You swap places.
Your rust devil hits the gnoll.
The gnoll seems to be corroded for longer.
The gnoll sergeant hits your ice devil with a +5 heavy spear!
Your rust devil hits the gnoll.
The gnoll seems to be corroded for longer.
Your ice devil barely misses the gnoll sergeant.
Reach: a) +1 trident
Press: ? - help, Dir - move target, f/p - gnoll sergeant
Aim: a gnoll sergeant, wielding a +5 heavy spear, wearing a +0 ring mail and wearing a +0 kite shield (almost dead, ally target, about 27% to evade your +1 trident)
You reach to attack!
The gnoll sergeant blocks your attack.
The gnoll sergeant is almost dead.
Your rust devil disappears in a puff of smoke!
The gnoll sergeant hits you from afar with a +5 heavy spear!
You die...

.> .# ##.......##
#. .# ##.....##
#g# #.# ##...##
#.##..#).# ##'##
#.....)ยง.# #.#
#g# #.# ### #g#
##.###.. #4#
##...##.# #@#
###.....#.# #.#
#......##.#
#.######..........
#.........#..###.#
########.##..# #.#
#.##..# #.#
#.....# #..
#####.# ###
#.#####


You could see a gnoll sergeant (ally target), a gnoll (corroded) and a friendly
ice devil (summoned).

Vanquished Creatures
  A black bear (D:4)
  An ice beast (D:6)
  An ogre (D:6)
  A phantom (D:6)
  A scorpion (D:5)
  2 hounds
  An orc priest (D:4)
  2 iguanas
  4 gnolls
  7 adders
  A white imp (D:5)
  3 worms
  2 dart slugs
  12 orcs
  6 bats
  8 endoplasms
  4 giant cockroaches
  9 goblins
  5 hobgoblins
  7 jackals
  4 quokkas
  10 ball pythons
  5 frilled lizards
  7 kobolds
  3 rats
107 creatures vanquished.

Vanquished Creatures (collateral kills)
  2 orc wizards (D:5)
  3 gnolls (D:6)
  A worm (D:3)
  3 orcs
  A goblin (D:1)
  A bat (D:2)
11 creatures vanquished.

Grand Total: 118 creatures vanquished

Notes
Turn   | Place    | Note
-------+----------+-------------------------------------------
     0 | D:1      | Demosthentine the Demonspawn Gladiator began the quest for
                  | the Orb.
     0 | D:1      | Reached XP level 1. HP: 16/16 MP: 1/1
   226 | D:1      | Gained mutation: A weak demonic guardian rushes to your
                  | aid. [demonic ancestry]
   226 | D:1      | Reached XP level 2. HP: 20/22 MP: 2/2
   520 | D:1      | Found Aziumuur's Armour Shoppe.
   545 | D:1      | Reached skill level 1 in Armour
   699 | D:1      | Gained mutation: A demonic guardian rushes to your aid.
                  | [demonic ancestry]
   699 | D:1      | Reached XP level 3. HP: 28/28 MP: 3/3
  1491 | D:2      | Reached XP level 4. HP: 34/34 MP: 4/4
  1820 | D:2      | Found a faded altar of an unknown god.
  2680 | D:4      | Gained mutation: You sometimes gain a little power by
                  | taking damage. [demonic ancestry]
  2680 | D:4      | Reached XP level 5. HP: 41/41 MP: 5/5
  3135 | D:4      | Noticed a black bear
  3143 | D:4      | Killed a black bear
  3144 | D:4      | Reached XP level 6. HP: 31/47 MP: 6/6
  3363 | D:5      | Entered Level 5 of the Dungeon
  3873 | D:5      | Found a staircase to the Ecumenical Temple.
  3966 | D:5      | Gained mutation: You have sharp fingernails. [demonic
                  | ancestry]
  3966 | D:5      | Reached XP level 7. HP: 54/54 MP: 7/7
  4316 | Temple   | Entered the Ecumenical Temple
  5087 | D:6      | Mangled by a gnoll sergeant

Illustrated notes

Levels and vault maps discovered:
D:1:      dpeg_arrival_water_fire, layout_basic, serial_shops,
          nicolae_shop_hallway_stairs, minivault_23
D:2:      layout_loops_corners, basic_ecumenical_altar, basic_altar
D:3:      layout_rooms
D:4:      layout_basic
D:5:      layout_loops_ring, minmay_temple_entry_offerings
D:6:      layout_loops_corners
Temple:   minmay_temple_bridge_d

Skill      XL: |  1  2  3  4  5  6 |
---------------+-------------------+-----
Polearms       | 3 4 |  4.7
Armour         | 1 2 3 |  3.7
Dodging        | 3 4 |  4.7
Fighting       | 3 4 |  4.7
Throwing       | |  1.7

Action                     |  1- 3 |  4- 6 |  7- 9 || total
---------------------------+-------+-------+-------++-------
  Melee: Trident           |   113 |   250 |    51 ||   414
         Punch             |     1 |     1 |       ||     2
  Throw: Throwing net      |       |     1 |     2 ||     3
    Use: Scroll            |     6 |     6 |     2 ||    14
         Potion            |       |     2 |     1 ||     3
   Stab: Sleeping          |     2 |     3 |       ||     5
         Distracted        |       |     2 |       ||     2
 Armour: Leather armour    |    26 |    85 |     9 ||   120
  Dodge: Dodged            |    50 |   145 |    23 ||   218

Table legend: (Time is in decaauts)
 A = Elapsed time spent in this place.
 B = Non-inter-level travel time spent in this place.
 C = Inter-level travel time spent in this place.
 D = Time resting spent in this place.
 E = Time spent auto-exploring this place.
 F = Levels seen in this place.
 G = Mean time per level.
                   A        B        C        D        E       F      G
               +--------+--------+--------+--------+--------+-----+--------+
         Total |   5141 |   4913 |    228 |     73 |   3989 |   7 |  734.4 |
       Dungeon |   4909 |   4682 |    227 |     73 |   3776 |   6 |  818.2 |
        Temple |    231 |    231 |      0 |      0 |    213 |   1 |  231.0 |
               +--------+--------+--------+--------+--------+-----+--------+

Top non-repeatable levels by time:
     D:2: 1110 daAuts
     D:1: 1032 daAuts
     D:5: 997 daAuts
     D:4: 759 daAuts
     D:6: 507 daAuts
     D:3: 501 daAuts
  Temple: 231 daAuts
